 Dungeon Crawl Stone Soup version 0.17.2-1-ge4368a0 (webtiles) character file.

441751 Goblin1989 the Markscentaur (level 23, -3/215 HPs)
             Began as a Centaur Monk on July 19, 2016.
             Was a High Priest of Okawaru.
             Slain by a titan (8 damage)
             ... on level 5 of the Depths on July 23, 2016.
             The game lasted 06:42:24 (87648 turns).

Goblin1989 the Markscentaur (Centaur Monk)         Turns: 87648, Time: 06:42:25

Health: -3/215     AC: 27    Str: 24    XL:     23   Next: 3%
Magic:  0/27       EV: 27    Int:  7    God:    Okawaru [*****.]
Gold:   1723       SH:  0    Dex: 24    Spells: 5 memorised, 9 levels left

rFire  + . .     SeeInvis +     b - +8 storm bow {elec}
rCold  + . .     Clarity  .     T - +3 ring mail of Bepelusy {rPois rCorr}
rNeg   . . .     SustAt   .     (shield currently unavailable)
rPois  +         Gourm    .     C - +3 crown of Dyrovepreva {rElec Int+2 SInv}
rElec  +         Spirit   +     X - +1 cloak {+Inv}
rCorr  +         Warding  .     v - +0 pair of gloves
rMut   .         Stasis   .     u - +2 centaur barding {rC+}
MR     +....                    M - amulet of guardian spirit
Stlth  ++........               W - ring of protection from fire
                                a - +5 ring of strength

@: agile, about to teleport, slowed, drained, somewhat resistant to hostile
enchantments, unstealthy
A: hooves 3, icy blue scales 1, rugged brown scales 1, breathe flames 2,
deformed body, dopey 2, speed 2, low mp 1, poison resistance, strong 1, tough
skin 3, no device heal 1
a: Heroism, Finesse, Renounce Religion, Breathe Fire, Evoke Invisibility
}: 2/15 runes: decaying, serpentine


You were on level 5 of the Depths.
You worshipped Okawaru.
Okawaru was extremely pleased with you.
You were near starving.

You visited 8 branches of the dungeon, and saw 45 of its levels.
You visited the Abyss 1 time.
You also visited: Sewer, Ice Cave and Volcano.

You collected 5327 gold pieces.
You spent 3604 gold pieces at shops.

Inventory:

Hand Weapons
 b - the +8 storm bow (weapon) {elec}
   (You acquired it on level 1 of the Swamp)

   It charges the ammunition it shoots with electricity; occasionally upon a
   hit, such missiles may discharge and cause terrible harm.
Missiles
 c - 31 arrows of frost
 H - 27 arrows of dispersal
 I - 28 poisoned arrows
 N - 951 arrows (quivered)
 Z - 6 arrows of flame
Armour
 u - a +2 centaur barding of cold resistance (worn)
 v - a +0 pair of gloves (worn)
 C - the +3 crown of Dyrovepreva (worn) {rElec Int+2 SInv}
   (You found it on level 5 of the Dungeon)

   It affects your intelligence (+2).
   It insulates you from electricity.
   It lets you see invisible.
 T - the +3 ring mail of Bepelusy (worn) {rPois rCorr}
   (You bought it in a shop on level 1 of the Snake Pit)

   It protects you from poison.
   It protects you from acid and corrosion.
 X - a +1 cloak of invisibility (worn)
Magical Staves
 w - an uncursed staff of wizardry
Jewellery
 a - a +5 ring of strength (left hand)
 e - an uncursed amulet of clarity
 t - an uncursed ring of protection from cold
 B - the ring of Keseso {rF+ rN+++ Str-2 Dex-4 Stlth-}
   (You found it on level 2 of the Depths)

   [ring of loudness]

   It affects your strength (-2).
   It affects your dexterity (-4).
   It protects you from fire.
   It renders you almost immune to negative energy.
   It makes you less stealthy.
 M - an amulet of guardian spirit (around neck)
 P - an uncursed ring of poison resistance
 W - a ring of protection from fire (right hand)
Wands
 n - a wand of teleportation (5)
 A - a wand of digging (12)
 D - a wand of hasting (5)
 U - a wand of disintegration (2)
Scrolls
 f - 6 scrolls of recharging
 j - 4 scrolls of immolation
 o - 8 scrolls of magic mapping
 p - 15 scrolls of remove curse
 q - 7 scrolls of teleportation
 r - 2 scrolls of identify
 G - 4 scrolls of fear
 L - 5 scrolls of enchant armour
 R - a scroll of holy word
 V - 13 scrolls of fog
Potions
 d - a potion of cancellation
 g - 3 potions of resistance
 i - 19 potions of curing
 l - 9 potions of flight
 m - 2 potions of haste
 x - a potion of heal wounds
 z - 5 potions of berserk rage
 E - 3 potions of might
 Q - 2 potions of ambrosia
 S - 13 potions of brilliance
Comestibles
 k - a chunk of flesh
 s - 17 bread rations
 J - 34 beef jerkies


   Skills:
 - Level 18.1(17.6) Fighting
 - Level 20.1(19.6) Bows
 - Level 10.5(10.1) Armour
 * Level 15.7(15.3) Dodging
 - Level 1.2(0.9) Stealth
 - Level 18.1(17.6) Unarmed Combat
 - Level 5.1(4.8) Spellcasting
 + Level 7.8(7.4) Charms
 * Level 10.2(9.8) Transmutations
 + Level 7.1(6.8) Air Magic
 - Level 6.0(5.6) Invocations


You had 9 spell levels left.
You knew the following spells:

 Your Spells              Type           Power        Failure   Level  Hunger
a - Repel Missiles        Chrm/Air       ##....       3%          2    ###....
b - Confusing Touch       Hex            #.....       69%         2    ###....
c - Controlled Blink      Tloc           N/A          100%        8    #######
d - Haste                 Chrm           ##......     100%        6    #######
z - Blade Hands           Trmt           ###.......   21%         5    ######.


Dungeon Overview and Level Annotations

Branches:
Dungeon (15/15)            Temple (1/1) D:5            Lair (8/8) D:8
  Swamp (4/4) Lair:4        Snake (4/4) Lair:4        Slime (0/6) Lair:8
    Orc (4/4) D:12            Elf (0/3) Orc:4        Vaults (4/5) D:13
  Crypt (0/3) Vaults:2     Depths (5/5) D:15
    Zot: Depths:5

Altars:
Ashenzari
Cheibriados
Dithmenos
Fedhas
Kikubaaqudgha
Makhleb
Nemelex Xobeh
Okawaru
Qazlal
Ru
Sif Muna
Trog
Xom
Yredelemnul
Zin
The Shining One
Jiyva

Shops:
D:4 !   D:9 [   D:12 (   D:15 [   Orc:2 !   Orc:4 (*[:   Snake:1 }[[*!
Snake:2 [   Snake:4 *   Vaults:4 }

Portals:
Hell: Depths:1 Depths:2 Depths:3 Depths:4 Depths:5
Abyss: Depths:4
Pandemonium: Depths:3 Depths:4
Ziggurat: Depths:2
Trove: Depths:4 (give +3 storm dragon armour)

Annotations:
Snake:3 exclusion: downstairs
Depths:2 Boris


Innate Abilities, Weirdness & Mutations

You have hooves in place of feet.
Armour fits poorly on your strangely shaped body.
You cover ground very quickly.
You have extremely tough skin (AC +3).
You are partially covered in icy blue scales (AC +1).
You are partially covered in rugged brown scales (AC +1, +3% HP).
You can breathe fire.
You are very dopey. (Int -4)
Your magical capacity is low (-10% MP).
Your system is resistant to poisons.
Your muscles are strong. (Str +2)
Potions and wands are less effective at restoring your health.


Message History

You hear a roar! x2
Found 22 gold pieces.
A fire dragon comes into view.
You take 7 damage, and have 29/215 hp.
You now have 1/27 mp.
Drink which item? (? for menu, Esc to quit)
You feel agile all of a sudden. The flayed ghost completely misses you.
The flayed ghost hits you.
* * * LOW HITPOINT WARNING * * *
The stone giant closely misses you. The titan completely misses you.
A golden dragon comes into view.
You take 3 damage, and have 26/215 hp.
Read which item? (? for menu, Esc to quit)
As you read the scroll of teleportation, it crumbles to dust.
You feel strangely unstable.
The flayed ghost stares at you with tortured malice.
The flayed ghost hits you but does no damage.
The stone giant hits you!!
* * * LOW HITPOINT WARNING * * *
The titan hits you!
You die...

######
≈≈≈≈# C
$§.≈# ..#
.(≈# #'.
.%§#
#..##/≈#
+...CW≈#
#.e.C@≈#
#....W##≈#
...<..+ §≈
..D..+ .§$
....+ .D.
...+ #.
$.# ≈≈


You could see a titan, a golden dragon, a fire giant (fleeing), a fire dragon, a
stone giant, 2 flayed ghosts and a deep elf high priest.

Vanquished Creatures
  A juggernaut (Depths:3)
  Sojobo (Vaults:3)
  Frederick (Depths:5)
  Margery (Vaults:4)
  Saint Roka (Depths:2)
  Vashnia (Snake:2)
  Jory (Vaults:3)
  A bone dragon (Abyss:1)
  3 golden dragons
  A profane servitor (Abyss:1)
  2 liches
  Jorgrun (Depths:3)
  4 tentacled monstrosities
  Rupert (Orc:3)
  A titan (Depths:2)
  4 acid blobs (Depths:4)
  A quicksilver dragon (Depths:2)
  3 sphinxes (Depths:2)
  4 tengu reavers
  A tentacled starspawn (Abyss:1)
  Agnes (D:15)
  Kirke (Snake:4)
  A storm dragon (Depths:3)
  7 thorn hunters
  The ghost of Goblin1989 the Bludgeoner, an adept DsBe of Trog (Orc:4)
  An azure jelly (Depths:4)
  7 greater nagas (Snake:4)
  11 fire giants
  An iron dragon (Depths:4)
  Aizul (Snake:3)
  4 vault wardens
  11 frost giants
  An orc warlord (Orc:3)
  17 stone giants
  12 ironheart preservers
  2 spriggan defenders
  14 very ugly things
  3 vampire knights
  A deep elf demonologist (Vaults:4)
  Azrael (Orc:4)
  A deep elf annihilator (Vaults:2)
  Snorg (Orc:2)
  10 fire dragons
  A green death (Depths:4)
  4 vault guards
  8 yaktaur captains
  8 death oozes (Depths:4)
  6 ettins
  A rakshasa (Depths:4)
  6 ice dragons
  12 ogre magi
  2 ghost crabs
  17 great orbs of eyes
  13 naga warriors
  11 centaur warriors
  A hell beast (Depths:1)
  28 hydras
  14 anacondas
  A spriggan air mage (Depths:5)
  A catoblepas (Lair:3)
  4 alligators
  The ghost of Charly the Cleaver, a journeyman GrBe of Trog (Orc:4)
  2 deep troll earth magi
  9 shock serpents
  3 deep troll shamans (Vaults:3)
  3 orc high priests
  3 tengu warriors
  27 naga sharpshooters
  A vampire mage (Depths:1)
  23 hell knights
  A thrashing horror (Abyss:1)
  6 deep elf knights
  A sun demon (Depths:4)
  6 spriggan berserkers
  A soul eater (Depths:4)
  2 fire crabs
  A storm dragon zombie (Abyss:1)
  A wretched star (Abyss:1)
  2 salamander mystics
  3 shadow wraiths
  A spriggan druid (Swamp:4)
  13 naga ritualists
  An iron troll (shapeshifter) (Depths:5)
  3 unseen horrors
  A giant orange brain (Depths:1)
  8 deep trolls (Vaults:3)
  An ice devil (Depths:4)
  A deep elf summoner (Vaults:3)
  An obsidian statue (Depths:2)
  14 swamp dragons
  15 ironbrand convokers
  3 hill giants
  7 mana vipers
  A flayed ghost (Vaults:4)
  A wolf spider zombie (D:12)
  A shambling mangrove (Swamp:2)
  2 phantasmal warriors (Depths:5)
  3 wizards
  A harpy (shapeshifter) (Depths:1)
  2 deep elf conjurers
  A sphinx zombie (Depths:1)
  13 orc knights
  An orb spider (shapeshifter) (D:13)
  6 griffons
  A mana viper (shapeshifter) (Depths:5)
  9 orc sorcerers
  A hornet (Vaults:4)
  33 ugly things
  4 manticores
  8 cyclopes
  14 salamanders
  2 griffons (shapeshifter) (Depths:2)
  A faun (shapeshifter) (Depths:1)
  6 wolf spiders
  A fire giant zombie (Vaults:4)
  13 necromancers
  A sixfirhy (Depths:4)
  A frost giant skeleton (Depths:1)
  2 guardian serpents
  A moth of wrath (shapeshifter) (Depths:2)
  3 elephants (Lair:8)
  A worldbinder (Abyss:1)
  2 hornets (shapeshifter)
  Joseph (D:9)
  A guardian serpent (shapeshifter) (Depths:2)
  12 vault sentinels
  2 gargoyles
  An ice statue (IceCv)
  44 black mambas
  2 rust devils
  2 human zombies
  An efreet (D:14)
  A smoke demon (Depths:4)
  A salamander skeleton (Vaults:4)
  8 centaur skeletons
  An orange demon (Depths:4)
  28 spiny frogs
  24 naga magi
  2 spiny frogs (shapeshifter)
  A yaktaur zombie (Depths:1)
  A kobold demonologist (Vaults:1)
  A komodo dragon (shapeshifter) (Vaults:3)
  16 komodo dragons
  2 yaktaur skeletons (Vaults:2)
  29 yaktaurs
  3 tengu conjurers
  A merfolk (shapeshifter) (D:13)
  A troll (shapeshifter) (Depths:2)
  A yaktaur (shapeshifter) (Depths:2)
  A fire drake (D:8)
  A two-headed ogre (shapeshifter) (D:13)
  45 slime creatures
  4 trolls
  10 freezing wraiths
  A wind drake (shapeshifter) (Depths:2)
  22 polar bears
  A raiju (Lair:8)
  3 deep elf priests
  19 blink frogs
  10 two-headed ogres
  7 giant leeches
  A fire dragon zombie (Depths:1)
  10 bog bodies
  A slime creature (shapeshifter) (Depths:2)
  2 trapdoor spider zombies (D:12)
  A fire giant simulacrum (Vaults:4)
  A stone giant simulacrum (Depths:1)
  A ynoxinul (Abyss:1)
  5 boulder beetles
  5 shadows
  A shadow dragon simulacrum (Vaults:4)
  4 water elementals
  2 vampires
  2 wyverns
  3 fire bats (Orc:2)
  A neqoxec (Abyss:1)
  12 spriggans
  8 deep elf magi
  42 yaks
  A redback (Vaults:3)
  4 wraiths
  A hungry ghost (D:8)
  4 basilisks
  10 deep elf fighters
  2 basilisks (shapeshifter) (Depths:2)
  A hog (shapeshifter) (D:15)
  36 wolves
  3 hogs (Snake:4)
  29 vampire mosquitoes
  2 golden eyes (shapeshifter)
  16 hippogriffs
  A tarantella (shapeshifter) (Depths:2)
  23 swamp worms
  A hippogriff (shapeshifter) (Depths:3)
  A soldier ant (shapeshifter) (Depths:2)
  12 wargs
  2 fire elementals (Orc:4)
  12 hell hounds
  56 nagas
  16 insubstantial wisps
  A mottled dragon (shapeshifter) (Depths:2)
  A mottled dragon (D:13)
  3 small abominations (Abyss:1)
  A soldier ant (D:14)
  20 water moccasins
  Duvessa (D:6)
  3 sky beasts
  17 swamp drakes
  2 phantoms
  7 porcupines
  A wasp (shapeshifter) (Vaults:4)
  3 ice beasts
  51 ogres
  16 wasps
  14 black bears
  11 boggarts
  60 orc warriors
  A hydra simulacrum (Abyss:1)
  A large abomination (Abyss:1)
  2 eyes of draining
  18 crocodiles
  2 human skeletons (Vaults:2)
  20 centaurs
  24 giant frogs
  A brain worm (D:10)
  4 big kobolds
  A big kobold (shapeshifter) (Depths:2)
  7 scorpions
  A wyvern skeleton (D:12)
  A water moccasin skeleton (D:8)
  Dowan (D:6)
  4 killer bees (D:8)
  5 centaur zombies
  4 lava snakes (Snake:4)
  8 jellies
  11 crimson imps
  2 giant frog zombies (D:13)
  18 hounds
  3 quasits
  3 giant frog skeletons
  Crazy Yiuf (D:4)
  33 orc priests
  Ijyb (D:2)
  An iron imp (Depths:3)
  31 orc wizards
  12 worker ants
  Natasha (thrice) (D:3)
  7 iguanas
  25 sheep
  2 hound zombies
  2 hound skeletons
  Robin (D:4)
  16 adders
  65 river rats
  6 shadow imps
  2 ufetubi
  8 oozes
  7 worms
  2 adder skeletons
  8 giant geckos
  169 orcs
  11 ball pythons
  15 goblins
  9 hobgoblins
  16 jackals
  19 kobolds
  5 quokkas
  7 bats
  5 giant cockroaches
  4 giant newts (D:1)
  32 rats
  2 fungi (Orc:4)
  A plant (Snake:2)
  A starspawn tentacle (Abyss:1)
2112 creatures vanquished.

Vanquished Creatures (others)
  A quicksilver dragon zombie (Depths:1)
  A blink frog (Lair:2)
  3 small abominations (Abyss:1)
  2 humans (Snake:4)
  A boggart (Depths:1)
  A giant frog (Lair:2)
  6 orcs (Orc:4)
  2 briar patches (Swamp:4)
  15 fungi
  34 plants
  A starspawn tentacle (Abyss:1)
67 creatures vanquished.

Grand Total: 2179 creatures vanquished

Notes
Turn   | Place    | Note
--------------------------------------------------------------
     0 | D:1      | Goblin1989 the Centaur Monk began the quest for the Orb.
     0 | D:1      | Reached XP level 1. HP: 19/19 MP: 1/1
   223 | D:1      | Reached XP level 2. HP: 24/26 MP: 2/2
   735 | D:2      | Reached skill level 5 in Unarmed Combat
   735 | D:2      | Reached XP level 3. HP: 23/31 MP: 3/3
  1103 | D:2      | Reached XP level 4. HP: 38/38 MP: 4/4
  1439 | D:2      | Reached skill level 6 in Unarmed Combat
  1623 | D:3      | Noticed Ijyb
  1637 | D:2      | Killed Ijyb
  1637 | D:2      | Reached XP level 5. HP: 45/45 MP: 5/5
  1705 | D:3      | Found a faded altar to an unknown god.
  1850 | D:3      | Noticed Natasha
  1854 | D:3      | Killed Natasha
  1928 | D:3      | Reached skill level 7 in Unarmed Combat
  2454 | D:3      | Noticed Natasha
  2457 | D:3      | Killed Natasha
  2614 | D:3      | Noticed Natasha
  2617 | D:3      | Killed Natasha
  2670 | D:3      | Reached XP level 6. HP: 31/51 MP: 6/6
  2909 | D:4      | Noticed Robin
  2940 | D:4      | Killed Robin
  3792 | D:4      | Found Muyzem's Distillery.
  3800 | D:4      | Bought a potion of curing for 33 gold pieces
  3800 | D:4      | Bought a potion of agility for 44 gold pieces
  3875 | D:4      | Noticed Crazy Yiuf
  3889 | D:4      | Killed Crazy Yiuf
  4209 | D:4      | Reached skill level 8 in Unarmed Combat
  4653 | D:4      | Found a stormy altar of Qazlal.
  4653 | D:4      | Found a shimmering altar of Xom.
  4979 | D:5      | Entered Level 5 of the Dungeon
  4994 | D:5      | Reached XP level 7. HP: 51/57 MP: 7/7
  5457 | D:5      | Reached skill level 9 in Unarmed Combat
  5476 | D:5      | Found a staircase to the Ecumenical Temple.
  5484 | Temple   | Entered the Ecumenical Temple
  5563 | Temple   | Became a worshipper of Warmaster Okawaru
  5563 | Temple   | Reached * piety under Okawaru
  5563 | Temple   | Reached ** piety under Okawaru
  5963 | D:6      | Found a glowing drain.
  5980 | Sewer    | Entered a sewer
  6228 | Sewer    | Got a sheer robe
  6239 | Sewer    | Identified the cursed +1 robe of Starshine {rElec Stlth+} (You found it in a sewer)
  6662 | Sewer    | Reached skill level 10 in Unarmed Combat
  6662 | Sewer    | Reached XP level 8. HP: 56/63 MP: 8/8
  6862 | D:6      | Noticed Dowan
  6865 | D:6      | Noticed Duvessa
  6870 | D:6      | Killed Dowan
  6882 | D:6      | Killed Duvessa
  7240 | D:6      | Found a sparkling altar of Nemelex Xobeh.
  7393 | D:6      | Reached skill level 11 in Unarmed Combat
  7664 | D:6      | Reached *** piety under Okawaru
  7709 | D:6      | Reached skill level 5 in Fighting
  8478 | D:7      | Reached XP level 9. HP: 69/75 MP: 9/9
  9312 | D:8      | Reached **** piety under Okawaru
  9312 | D:8      | Reached skill level 1 in Bows
  9416 | D:8      | Received a gift from Okawaru
  9678 | D:8      | Noticed a fire drake
  9679 | D:8      | Found a staircase to the Lair.
  9697 | D:8      | Killed a fire drake
  9891 | D:8      | Reached XP level 10. HP: 84/93 MP: 7/10
  9898 | D:8      | Reached skill level 10 in Fighting
 10118 | D:8      | Noticed a cyclops
 10135 | D:8      | Killed a cyclops
 10135 | D:8      | Reached skill level 5 in Bows
 10349 | D:9      | Found a shattered altar of Ashenzari.
 10549 | D:9      | Found Akibic's Armour Emporium.
 10557 | D:9      | Bought a +1 ring mail of fire resistance for 208 gold pieces
 10744 | D:9      | Noticed Joseph
 10766 | D:9      | Killed Joseph
 11134 | D:10     | Entered Level 10 of the Dungeon
 11965 | D:10     | Noticed a hill giant
 12011 | D:10     | Killed a hill giant
 12011 | D:10     | Reached ***** piety under Okawaru
 12337 | D:10     | Noticed an unseen horror
 12347 | D:10     | Killed an unseen horror
 12347 | D:10     | Reached skill level 12 in Fighting
 12505 | D:10     | Reached XP level 11. HP: 76/104 MP: 11/11
 12702 | Lair:1   | Entered Level 1 of the Lair of Beasts
 12704 | Lair:1   | Noticed a five-headed hydra
 12720 | Lair:1   | Killed a five-headed hydra
 12720 | Lair:1   | Received a gift from Okawaru
 12720 | Lair:1   | Reached skill level 1 in Armour
 13465 | Lair:1   | Received a gift from Okawaru
 14086 | Lair:2   | Found a frozen archway.
 14101 | IceCv    | Entered an ice cave
 14673 | IceCv    | Reached skill level 5 in Armour
 15003 | IceCv    | Reached skill level 10 in Bows
 15800 | IceCv    | Noticed a frost giant
 15836 | IceCv    | Reached skill level 1 in Invocations
 15836 | IceCv    | Reached XP level 12. HP: 89/112 MP: 9/13
 16025 | IceCv    | Killed a frost giant
 16025 | IceCv    | Received a gift from Okawaru
 16274 | IceCv    | Reached skill level 5 in Invocations
 17425 | Lair:2   | Got a shimmering robe
 17636 | Lair:2   | Identified the +1 robe of Ixetegh {*Corrode rPois rC+ MP+9} (You found it on level 2 of the Lair of Beasts)
 17968 | Lair:2   | Got a dazzling chain mail
 17979 | Lair:2   | Identified the +3 chain mail of Mebyexit {*Drain rN+++ Str+4 Dex-5} (You found it on level 2 of the Lair of Beasts)
 18275 | Lair:2   | Noticed a four-headed hydra
 18286 | Lair:2   | Killed a four-headed hydra
 18286 | Lair:2   | Received a gift from Okawaru
 18954 | Lair:3   | Noticed an eight-headed hydra
 18963 | Lair:3   | Killed an eight-headed hydra
 19142 | Lair:3   | Noticed a catoblepas
 19176 | Lair:3   | Killed a catoblepas
 19176 | Lair:3   | Reached skill level 5 in Dodging
 21514 | Lair:4   | Found a staircase to the Swamp.
 21515 | Lair:4   | Noticed a five-headed hydra
 21539 | Lair:4   | Killed a five-headed hydra
 21544 | Lair:4   | Reached XP level 13. HP: 107/118 MP: 15/17
 21907 | Lair:4   | Found a staircase to the Snake Pit.
 22473 | Lair:5   | ololoev: yo
 22576 | Lair:5   | Goblin1989: yo
 23382 | Lair:5   | Received a gift from Okawaru
 23972 | Lair:6   | Reached skill level 13 in Bows
 24014 | Lair:6   | Received a gift from Okawaru
 25002 | Lair:6   | Received a gift from Okawaru
 25874 | Lair:7   | Received a gift from Okawaru
 27847 | D:10     | Received a gift from Okawaru
 27866 | D:10     | Got an ichor-stained hat {god gift}
 27877 | D:10     | Identified the +0 hat of Starshine {rN+ rCorr Str-5 Int+7} (Okawaru gifted it to you on level 10 of the Dungeon)
 28166 | D:11     | Reached skill level 14 in Bows
 28455 | D:11     | Gained mutation: You are partially covered in icy blue scales (AC +1). [potion of beneficial mutation]
 28617 | D:12     | Found a staircase to the Orcish Mines.
 29012 | D:12     | Got a colourful robe
 29023 | D:12     | Identified the +1 robe of Kouhuje {MR+} (You found it on level 12 of the Dungeon)
 29040 | D:12     | Found Newkacuz's Antique Weapon Shop.
 29285 | D:12     | Reached XP level 14. HP: 99/127 MP: 18/18
 29663 | Orc:1    | Entered Level 1 of the Orcish Mines
 29852 | Orc:2    | Found a dark tunnel.
 29871 | Volcano  | Entered a volcano
 30227 | Orc:2    | Noticed Snorg
 30243 | Orc:2    | Killed Snorg
 30865 | Orc:2    | Found Nurph's Distillery.
 30888 | Orc:2    | Paralysed by an orc sorcerer for 3 turns
 31387 | Orc:1    | Received a gift from Okawaru
 32389 | Orc:4    | Entered Level 4 of the Orcish Mines
 32395 | Orc:4    | Noticed Goblin1989's ghost (adept DsBe)
 32396 | Orc:4    | Noticed Azrael
 32839 | Orc:4    | Noticed Rupert
 32855 | Orc:4    | Noticed Charly's ghost (journeyman GrBe)
 32866 | Orc:3    | Paralysed by Rupert for 2 turns
 32874 | Orc:3    | Killed Rupert
 33366 | Lair:8   | Entered Level 8 of the Lair of Beasts
 33408 | Lair:8   | Received a gift from Okawaru
 33516 | Lair:8   | Found a viscous altar of Jiyva.
 33517 | Lair:8   | Found a staircase to the Slime Pits.
 33826 | Lair:8   | HP: 6/127 [black mamba (15)]
 34730 | Lair:8   | Received a gift from Okawaru
 35594 | Snake:1  | Entered Level 1 of the Snake Pit
 36184 | Snake:1  | Reached XP level 15. HP: 127/136 MP: 19/19
 37571 | Swamp:1  | Entered Level 1 of the Swamp
 38732 | Swamp:2  | Noticed a thorn hunter
 39486 | Swamp:1  | Noticed a thorn hunter
 39504 | Swamp:1  | Killed a thorn hunter
 39745 | Swamp:1  | Identified a scroll of acquirement
 39764 | Swamp:1  | Received a gift from Okawaru
 40128 | Swamp:2  | Killed a thorn hunter
 40128 | Swamp:2  | Reached skill level 15 in Bows
 40426 | Swamp:2  | Learned a level 8 spell: Controlled Blink
 40444 | Swamp:2  | Noticed a thorn hunter
 40459 | Swamp:2  | Killed a thorn hunter
 40790 | Swamp:2  | Received a gift from Okawaru
 40858 | Swamp:2  | Reached skill level 16 in Bows
 41891 | Snake:1  | Found Qoanwoich's Assorted Antiques.
 41897 | Snake:1  | Bought a scroll of identify for 38 gold pieces
 41897 | Snake:1  | Bought a scroll of identify for 38 gold pieces
 41899 | Snake:1  | Bought a thick papyrus book for 285 gold pieces
 41900 | Snake:1  | Bought a scroll labeled XAXZAL VIUSCH for 19 gold pieces
 41900 | Snake:1  | Bought a scroll labeled XUISTR JOEN for 19 gold pieces
 41934 | Snake:1  | Found Daiv's Distillery.
 41942 | Snake:1  | Bought a potion of invisibility for 104 gold pieces
 42003 | Snake:1  | Found Lum Saist's Antique Armour Shop.
 42011 | Snake:1  | Found Tiosanni's Gadget Shop.
 42014 | Snake:1  | Found Leheneest's Armour Shop.
 42308 | Snake:1  | Bought a pitted ring mail for 333 gold pieces
 42318 | Snake:1  | Identified the +3 ring mail of Bepelusy {rPois rCorr} (You bought it in a shop on level 1 of the Snake Pit)
 42383 | Snake:2  | Received a gift from Okawaru
 42389 | Snake:2  | Reached skill level 17 in Bows
 43051 | Snake:2  | HP: 6/136 [naga sharpshooter/bolt of flame (10)]
 43067 | Snake:2  | Reached XP level 16. HP: 43/144 MP: 3/20
 43432 | Snake:2  | Received a gift from Okawaru
 43979 | Snake:2  | Reached skill level 18 in Bows
 43989 | Snake:2  | Noticed Vashnia
 44013 | Snake:2  | Killed Vashnia
 44110 | Snake:2  | Received a gift from Okawaru
 44939 | Snake:2  | Reached skill level 19 in Bows
 45430 | Snake:2  | Got a brightly glowing scimitar {flame}
 45432 | Snake:2  | Identified the cursed +0 scimitar of Ascent {flame, +Inv rC+ Int-5} (You took it off a naga on level 2 of the Snake Pit)
 45647 | Snake:2  | Found Etaxu's Antique Armour Boutique.
 45699 | Snake:2  | Bought a runed cloak for 135 gold pieces
 46680 | Snake:3  | Received a gift from Okawaru
 46680 | Snake:3  | Reached skill level 20 in Bows
 47063 | Snake:3  | Noticed Aizul
 47540 | Snake:3  | Received a gift from Okawaru
 47962 | Snake:3  | Killed Aizul
 48898 | Snake:4  | Entered Level 4 of the Snake Pit
 49212 | Snake:3  | Goblin1989: ok
 49268 | Snake:4  | Found a glowing silver altar of Zin.
 49335 | Snake:4  | Reached skill level 10 in Dodging
 49409 | Snake:4  | Reached XP level 17. HP: 151/151 MP: 21/21
 49750 | Snake:4  | Found Goenuagod's General Store.
 49758 | Snake:4  | Bought a scroll of teleportation for 63 gold pieces
 49886 | Snake:4  | Reached ****** piety under Okawaru
 49968 | Snake:4  | Received a gift from Okawaru
 50110 | Snake:4  | Received a gift from Okawaru
 50330 | Snake:4  | Reached skill level 15 in Unarmed Combat
 50411 | Snake:4  | Noticed Kirke
 50447 | Snake:4  | Killed Kirke
 50679 | Snake:4  | Received a gift from Okawaru
 51478 | Snake:4  | Got a serpentine rune of Zot
 51620 | Snake:4  | Got a dazzling ring mail
 51638 | Snake:3  | Identified the cursed +0 ring mail of the Leaf {-Cast rF+ MR+ Int+4} (You found it on level 4 of the Snake Pit)
 52084 | Lair:6   | Learned a level 2 spell: Repel Missiles
 52353 | Swamp:2  | Noticed a thorn hunter
 52360 | Swamp:2  | Killed a thorn hunter
 52892 | Swamp:3  | Noticed a tentacled monstrosity
 52922 | Swamp:3  | Killed a tentacled monstrosity
 52966 | Swamp:3  | Received a gift from Okawaru
 53370 | Swamp:3  | Got a steaming helmet
 53381 | Swamp:3  | Identified the +1 helmet of Pesywil {Str+4} (You found it on level 3 of the Swamp)
 53559 | Swamp:4  | Entered Level 4 of the Swamp
 54275 | Swamp:3  | Reached XP level 18. HP: 130/161 MP: 22/22
 54518 | Swamp:4  | Received a gift from Okawaru
 54914 | Swamp:4  | Received a gift from Okawaru
 55219 | Swamp:4  | Got a decaying rune of Zot
 56332 | D:13     | Reached skill level 15 in Fighting
 56901 | D:13     | Learned a level 2 spell: Confusing Touch
 56912 | D:13     | Found a gate to the Vaults.
 57496 | D:13     | ololoev: yo
 57496 | D:13     | ololoev: чому у етяб шрифт какой-то странный?
 57496 | D:13     | ololoev: *тебя
 57496 | D:13     | Goblin1989: йоу
 57496 | D:13     | Goblin1989: ну тина настройка такая
 57496 | D:13     | Goblin1989: на самом деле мне намного удобнее стало, особенно если я сижу из дома, из ноутбука
 59011 | D:15     | Entered Level 15 of the Dungeon
 59309 | D:15     | Received a gift from Okawaru
 59312 | D:15     | Got a warped longbow {god gift}
 59313 | D:15     | Identified the +2 longbow of Misery {freeze, *Corrode +Fly rC+} (Okawaru gifted it to you on level 15 of the Dungeon)
 59666 | D:15     | Noticed Agnes
 59678 | D:15     | Killed Agnes
 60154 | D:15     | Reached skill level 1 in Air Magic
 60393 | D:15     | Found a staircase to the Depths.
 60611 | D:15     | Found Ryegoqes's Armour Emporium.
 60744 | D:15     | Reached skill level 1 in Charms
 61049 | D:15     | ololoev: !lg . ko-- place=zot:5 -log
 61049 | D:15     | beem: No games for ololoev (ko-- place=zot:5).
 61049 | D:15     | ololoev: !lg . ha-- place=zot:5 -log
 61049 | D:15     | beem: 1. ololoev, XL27 HaSu, T:90993: http://crawl.xtahua.com/crawl/morgue/ololoev/morgue-ololoev-20151002-113534.txt
 61049 | D:15     | ololoev: !subscribe
 61049 | D:15     | ololoev: !beem subscribe
 61049 | D:15     | beem: Subscribed. I will now watch all games of user ololoev
 61663 | Vaults:1 | Entered Level 1 of the Vaults
 62813 | Vaults:1 | Reached XP level 19. HP: 171/171 MP: 23/23
 63213 | Vaults:1 | Received a gift from Okawaru
 64423 | Vaults:2 | Found a staircase to the Crypt.
 64423 | Vaults:2 | Found an ancient bone altar of Kikubaaqudgha.
 64424 | Vaults:2 | Found a basalt altar of Yredelemnul.
 64836 | Vaults:2 | Received a gift from Okawaru
 65887 | Vaults:3 | Noticed Jory
 65927 | Vaults:3 | Killed Jory
 66443 | Vaults:3 | Received a gift from Okawaru
 66890 | Vaults:3 | Received a gift from Okawaru
 67270 | Vaults:3 | Reached skill level 5 in Charms
 67277 | Vaults:3 | Received a gift from Okawaru
 67323 | Vaults:3 | Noticed Sojobo
 67384 | Vaults:3 | Killed Sojobo
 67627 | Vaults:3 | Received a gift from Okawaru
 68166 | Vaults:3 | Goblin1989: hi
 68166 | Vaults:3 | casual: Кревед.
 68166 | Vaults:3 | casual: Я ненадолго, спать скоро упаду. Как успехи?
 68166 | Vaults:3 | Goblin1989: как-то с первого раза кентавр зешел
 68166 | Vaults:3 | Goblin1989: удивительно
 68166 | Vaults:3 | casual: Дык кентавр это достаточно сильная раса.
 68166 | Vaults:3 | Goblin1989: видимо, игра за демонспавнов дает о себе знать
 68166 | Vaults:3 | Goblin1989: ну
 68166 | Vaults:3 | Goblin1989: я их не мог терперь из-за их проблем с арморор/доджем
 68166 | Vaults:3 | Goblin1989: это ж капец какой-то
 68166 | Vaults:3 | Goblin1989: -3
 68166 | Vaults:3 | casual: Зато бегают быстро.
 68166 | Vaults:3 | Goblin1989: но один раз я уже проходил игру за него
 68166 | Vaults:3 | casual: Кайтить можно.
 68166 | Vaults:3 | Goblin1989: правда я тогда еще онлайн не играл
 68166 | Vaults:3 | Goblin1989: ну
 68166 | Vaults:3 | casual: Так, всё меня уже совсем рубит, спааааааааааать. Успехов.
 68166 | Vaults:3 | Goblin1989: это скучно
 68166 | Vaults:3 | Goblin1989: давай
 68224 | Vaults:3 | Reached XP level 20. HP: 183/183 MP: 24/24
 68906 | Orc:4    | Gained mutation: You are clumsy. (Dex -2) [a neqoxec]
 69142 | Orc:4    | Killed Goblin1989's ghost
 69165 | Orc:4    | Found Resh's General Store.
 69168 | Orc:4    | Found a staircase to the Elven Halls.
 69207 | Orc:4    | Killed Charly's ghost
 69227 | Orc:4    | Found Vukoupho's Antique Armour Shoppe.
 69324 | Orc:4    | Found Saply's Book Shoppe.
 69339 | Orc:4    | Bought a book of Changes for 325 gold pieces
 69345 | Orc:4    | Learned a level 5 spell: Blade Hands
 69372 | Orc:4    | Reached skill level 1 in Spellcasting
 69594 | Orc:4    | Killed Azrael
 69641 | Orc:4    | Noticed an orc warlord
 69682 | Orc:3    | Killed an orc warlord
 69682 | Orc:3    | Reached skill level 1 in Transmutations
 69760 | Orc:4    | Found Nocwad's Antique Weapon Shop.
 69944 | Orc:4    | Bought a gold dragon hide for 1960 gold pieces
 71034 | Vaults:4 | Received a gift from Okawaru
 71242 | Vaults:4 | Cast into the Abyss (a deep elf demonologist)
 71407 | Abyss:1  | Received a gift from Okawaru
 71408 | Abyss:1  | Got an encrusted quarterstaff {god gift}
 72089 | Abyss:1  | Gained mutation: You are weak. (Str -2) [a neqoxec]
 72330 | Vaults:4 | Escaped the Abyss
 72813 | Vaults:4 | Noticed Margery
 73451 | Vaults:4 | Received a gift from Okawaru
 74259 | Vaults:4 | Found Jiakhlaa's Gadget Boutique.
 74635 | Vaults:4 | Received a gift from Okawaru
 74661 | Vaults:4 | Paralysed by a great orb of eyes for 7 turns
 74970 | Vaults:4 | Received a gift from Okawaru
 75124 | Vaults:4 | Reached XP level 21. HP: 194/194 MP: 25/25
 75157 | Vaults:4 | Killed Margery
 75808 | Depths:1 | Entered Level 1 of the Depths
 76248 | D:15     | Received a gift from Okawaru
 76955 | D:15     | Gained mutation: You can breathe flames. [mutagenic meat]
 76957 | D:15     | Lost mutation: You are weak. (Str -2) [mutagenic meat]
 76958 | D:15     | Lost mutation: You are clumsy. (Dex -2) [mutagenic meat]
 76960 | D:15     | Gained mutation: You are dopey. (Int -2) [mutagenic meat]
 77805 | Depths:1 | Found a gateway to Hell.
 78802 | Depths:2 | Gained mutation: You are clumsy. (Dex -2) [mutagenic meat]
 78804 | Depths:2 | Gained mutation: Potions and wands are less effective at restoring your health. [mutagenic meat]
 78805 | Depths:2 | Lost mutation: You are clumsy. (Dex -2) [mutagenic meat]
 78927 | Depths:2 | Gained mutation: Your spells are a little harder to cast, but a little more powerful. [mutagenic meat]
 78959 | Depths:2 | Received a gift from Okawaru
 79026 | Depths:2 | Gained mutation: You are partially covered in rough black scales (AC +4, Dex -1). [mutagenic meat]
 79029 | Depths:2 | Gained mutation: Your body sometimes deteriorates upon taking damage. [mutagenic meat]
 79051 | Depths:2 | Gained mutation: Your body often deteriorates upon taking damage. [mutagenic meat]
 79129 | Depths:2 | Gained mutation: You are partially covered in rugged brown scales (AC +1, +3% HP). [mutagenic meat]
 79130 | Depths:2 | Lost mutation: Your body often deteriorates upon taking damage. [mutagenic meat]
 79131 | Depths:2 | Gained mutation: You are clumsy. (Dex -2) [mutagenic meat]
 79132 | Depths:2 | Lost mutation: Your body sometimes deteriorates upon taking damage. [mutagenic meat]
 79199 | Depths:2 | Gained mutation: Your muscles are strong. (Str +2) [mutagenic meat]
 79464 | Depths:2 | Reached skill level 5 in Transmutations
 79586 | Depths:2 | Gained mutation: You have a pair of small horns on your head. [mutagenic meat]
 79587 | Depths:2 | Gained mutation: Your magical capacity is low (-10% MP). [mutagenic meat]
 79911 | Depths:2 | Learned a level 6 spell: Haste
 79917 | Depths:2 | Got a jewelled leather armour
 79928 | Depths:2 | Identified the cursed +0 leather armour of the Scribe {rF- Dex+3 Slay+2} (You found it on level 2 of the Depths)
 79960 | Depths:2 | Paralysed by a sphinx for 3 turns
 79973 | Depths:2 | Paralysed by a sphinx for 3 turns
 80124 | Depths:2 | Identified a +5 rod of clouds (13/13) (You took it off a yaktaur on level 2 of the Depths)
 80149 | Depths:2 | Got a shimmering pewter ring
 80151 | Depths:2 | Identified the ring of Keseso {rF+ rN+++ Str-2 Dex-4 Stlth-} (You found it on level 2 of the Depths)
 80506 | Depths:2 | Reached skill level 15 in Dodging
 80569 | Depths:2 | Found a gateway to a ziggurat.
 80673 | Depths:2 | Noticed Saint Roka
 80690 | Depths:2 | Reached skill level 5 in Spellcasting
 80711 | Depths:2 | Killed Saint Roka
 81022 | Depths:3 | Noticed Boris
 81229 | Depths:3 | Upgraded the game from 0.17.2 to 0.17.2-1-ge4368a0
 81305 | Depths:3 | Got a jewelled helmet
 81306 | Depths:3 | Identified the +0 helmet of the Townfolk {rC+ Str+4 Slay+3} (You found it on level 3 of the Depths)
 81634 | Depths:3 | Noticed Jorgrun
 82524 | Depths:3 | Killed Jorgrun
 82535 | Depths:3 | Reached XP level 22. HP: 208/208 MP: 21/26
 82597 | Depths:3 | Got a crude plate armour
 82608 | Depths:3 | Identified the +10 plate armour of Kuurph {rElec rC++ Int+4 Dex-5} (You found it on level 3 of the Depths)
 82817 | Depths:3 | Found a one-way gate leading to the halls of Pandemonium.
 83358 | Depths:3 | Reached skill level 5 in Air Magic
 83608 | Depths:4 | Noticed a juggernaut
 83636 | Depths:3 | Received a gift from Okawaru
 83775 | Depths:4 | Paralysed by a great orb of eyes for 4 turns
 84093 | Depths:3 | Killed a juggernaut
 84152 | Depths:4 | Reached skill level 10 in Armour
 84153 | Depths:4 | Received a gift from Okawaru
 84767 | Depths:4 | Received a gift from Okawaru
 85060 | Depths:4 | Received a gift from Okawaru
 85414 | Depths:4 | Found a one-way gate to the infinite horrors of the Abyss.
 85601 | Depths:4 | Received a gift from Okawaru
 86195 | Depths:4 | Paralysed by a wizard for 3 turns
 86272 | Depths:4 | Found a portal to a secret trove of treasure.
 86602 | Depths:3 | Lost mutation: You are clumsy. (Dex -2) [mutagenic meat]
 86603 | Depths:3 | Gained mutation: Your system is resistant to poisons. [mutagenic meat]
 86604 | Depths:3 | Gained mutation: You are very dopey. (Int -4) [mutagenic meat]
 86605 | Depths:3 | Lost mutation: You have a pair of small horns on your head. [mutagenic meat]
 86641 | Depths:3 | Gained mutation: You can breathe fire. [mutagenic meat]
 86763 | Depths:5 | Entered Level 5 of the Depths
 86781 | Depths:5 | Noticed Frederick
 86798 | Depths:5 | Killed Frederick
 86798 | Depths:5 | Received a gift from Okawaru
 86801 | Depths:5 | Got a crude longbow {god gift}
 86802 | Depths:5 | Identified the +2 longbow of Spring {flame, rPois rN+ Str-5} (Okawaru gifted it to you on level 5 of the Depths)
 86939 | Depths:5 | Found a bloodstained altar of Trog.
 86952 | Depths:5 | Found a stormy altar of Qazlal.
 87056 | Depths:5 | Reached skill level 10 in Transmutations
 87179 | Depths:5 | Reached XP level 23. HP: 156/215 MP: 18/27
 87219 | Depths:5 | Lost mutation: You are partially covered in rough black scales (AC +4, Dex -1). [mutagenic meat]
 87220 | Depths:5 | Lost mutation: Your spells are a little harder to cast, but a little more powerful. [mutagenic meat]
 87648 | Depths:5 | HP: 5/215 [stone giant (22)]
 87648 | Depths:5 | Slain by a titan

Action                   |  1- 3 |  4- 6 |  7- 9 | 10-12 | 13-15 | 16-18 | 19-21 | 22-24 || total
-------------------------+-------+-------+-------+-------+-------+-------+-------+-------++-------
Melee: Unarmed           |    98 |   261 |   471 |   979 |  2233 |  1392 |   814 |   273 ||  6521
       Staff             |       |       |       |       |       |       |       |    11 ||    11
 Fire: Shortbow          |       |       |       |    28 |    28 |       |       |       ||    56
       Blowgun           |       |       |       |     1 |       |       |       |       ||     1
       Longbow           |       |       |       |       |   174 |   940 |  1599 |   501 ||  3214
Throw: Throwing net      |       |     1 |       |       |       |       |       |       ||     1
 Cast: Repel Missiles    |       |       |       |       |       |     1 |     9 |     2 ||    12
       Confusing Touch   |       |       |       |       |       |       |     3 |       ||     3
       Blade Hands       |       |       |       |       |       |       |       |     5 ||     5
Invok: Heroism           |       |       |     8 |    15 |    20 |     8 |    17 |     5 ||    73
       Finesse           |       |       |       |     1 |     5 |     5 |     9 |     2 ||    22
 Abil: End Transformatio |       |       |       |       |       |       |       |     1 ||     1
       Breathe Fire      |       |       |       |       |       |       |       |     1 ||     1
Evoke: Wand              |       |       |       |     6 |    17 |     1 |     5 |     2 ||    31
  Use: Scroll            |       |       |     9 |     2 |    21 |    10 |    19 |     2 ||    63
       Potion            |       |       |     1 |     3 |    14 |     3 |     3 |     8 ||    32
 Stab: Sleeping          |       |       |     2 |       |       |       |       |       ||     2
       Distracted        |       |       |       |       |       |     3 |       |       ||     3
  Eat: Chunk             |       |    10 |    13 |    32 |    36 |    24 |    35 |    23 ||   173
       Pizza             |       |       |     1 |       |     2 |     3 |     3 |       ||     9
       Royal jelly       |       |       |       |     1 |     1 |     1 |     1 |       ||     4
       Fruit             |       |       |       |       |     9 |     8 |       |     2 ||    19
       Meat ration       |       |       |       |       |     3 |     3 |     8 |     1 ||    15
       Beef jerky        |       |       |       |       |     2 |       |       |     1 ||     3
